 Dungeon Crawl Stone Soup version 0.25.1-1-g288607f5aa (webtiles) character file.

Game seed: 9755661406412069306

212 Delamore the Cudgeler (level 5, -5/32 HPs)
             Began as a Gargoyle Fighter on July 20, 2020.
             Killed by divine providence
             ... invoked by an orc priest
              (10 damage)
             ... on level 4 of the Dungeon.
             The game lasted 00:02:23 (2724 turns).

Delamore the Cudgeler (Gargoyle Fighter)            Turns: 2724, Time: 00:02:23

Health: -5/32      AC: 19    Str: 27    XL:     5   Next: 90%
Magic:  5/5        EV:  4    Int:  8    God:
Gold:   194        SH: 10    Dex: 15    Spells: 4/4 levels left

rFire    . . .     SeeInvis .   a - +0 flail
rCold    . . .     Gourm    .   c - +0 kite shield
rNeg     + . .     Faith    .   n - +0 plate armour
rPois    ∞         Spirit   .   z - +0 helmet
rElec    +         Reflect  .   k - +1 cloak
rCorr    .         Harm     .   (no gloves)
MR       .....                  u - +0 pair of boots
Stlth    ..........             (no amulet)
HPRegen  0.10/turn              e - +6 ring of strength
MPRegen  0.09/turn              w - +6 ring of dexterity

@: no status effects
A: negative energy resistance 1, electricity resistance, unbreathing,
petrification resistance, rot immunity, AC +4
a: no special abilities


You were on level 4 of the Dungeon.
You were not hungry.

You visited 1 branch of the dungeon, and saw 4 of its levels.

You collected 194 gold pieces.

Inventory:

Hand Weapons
 a - a +0 flail (weapon)
Missiles
 r - 15 poisoned darts (quivered)
Armour
 b - a +0 scale mail
 c - a +0 kite shield (worn)
 k - a +1 cloak (worn)
 n - a +0 plate armour (worn)
 u - a +0 pair of boots (worn)
 z - a +0 helmet (worn)
Jewellery
 e - a +6 ring of strength (left hand)
 w - a +6 ring of dexterity (right hand)
 y - an uncursed ring of ice
Scrolls
 h - 2 scrolls of amnesia {unknown}
 l - a scroll of immolation {unknown}
 m - 5 scrolls of identify {unknown}
 o - 2 scrolls of teleportation {unknown}
 q - a scroll of noise {unknown}
 x - a scroll of fog {unknown}
Potions
 d - a potion of might
 i - 2 potions of berserk rage {unknown}
 j - 3 potions of flight {unknown}
 p - 6 potions of curing {unknown}
 s - a potion of heal wounds {unknown}
 t - a potion of stabbing {unknown}
 v - a potion of magic {unknown}
Comestibles
 f - 5 rations
 g - 2 chunks of flesh


   Skills:
 - Level 3.2 Fighting
 + Level 5.9 Maces & Flails
 - Level 3.2 Armour
 - Level 3.2 Shields


You had 4 spell levels left.
You didn't know any spells.
Your spell library was empty.

Dungeon Overview and Level Annotations

Branches:
Dungeon (4/15)
 Temple: D:4-7

Altars:


Innate Abilities, Weirdness & Mutations

You are resistant to torment.
Your stone body is resilient. (AC +4)
You are immune to poison.
You resist negative energy. (rN+)
You are resistant to electric shocks. (rElec)
You can survive without breathing.
You are immune to petrification.
You are immune to rotting.


Message History

You block the orc's attack.
The orc priest hits you but does no damage.
You completely miss the orc priest.
The orc priest is almost dead.
The orc hits you but does no damage.
The orc priest casts a cantrip, but nothing happens.
You barely miss the orc priest.
The orc priest is almost dead.
You block the orc priest's attack. You block the orc's attack.
The orc priest hits you but does no damage.
The orc hits you but does no damage.
Your plate armour prevents you from hitting the orc priest.
The orc priest is almost dead.
The orc priest looks braver for a moment.
You closely miss the orc priest.
The orc priest is almost dead.
The orc hits you but does no damage.
The orc priest invokes the aid of Beogh against you.
Beogh smites you!
You die...

##.## ##. ##...## ###..
###.....# #....
##.......# #...#
#...#...#####
#.#....##..###..##..##
........#............##
.................#....##
.....#@..)......#......
......)oo..............#
......................##
#..........#..<.......#.
.....#................#.
.....##...##...........#
.... ....# .......##.<.
.... ..... ...........
###...#...


You could see an orc priest and an orc.

Vanquished Creatures
  An orc priest (D:4)
  An orc wizard (D:3)
  Terence (D:2)
  5 adders
  An ooze (D:2)
  2 worms (D:2)
  3 leopard geckos
  3 orcs
  3 bats
  4 giant cockroaches
  9 goblins
  7 hobgoblins
  7 jackals
  5 kobolds
  A ball python (D:2)
  7 frilled lizards
  11 rats
71 creatures vanquished.

Notes
Turn   | Place    | Note
-------+----------+-------------------------------------------
     0 | D:1      | Delamore the Gargoyle Fighter began the quest for the Orb.
     0 | D:1      | Reached XP level 1. HP: 14/14 MP: 1/1
   339 | D:1      | Reached XP level 2. HP: 19/19 MP: 2/2
   466 | D:1      | Reached skill level 3 in Maces & Flails
   780 | D:1      | Reached XP level 3. HP: 23/23 MP: 3/3
  1121 | D:2      | Noticed Terence
  1129 | D:2      | Killed Terence
  1129 | D:2      | Reached skill level 4 in Maces & Flails
  1129 | D:2      | Reached XP level 4. HP: 28/28 MP: 4/4
  1732 | D:3      | Reached skill level 5 in Maces & Flails
  1739 | D:3      | Reached XP level 5. HP: 31/32 MP: 5/5
  2724 | D:4      | Killed from afar by an orc priest

Illustrated notes

Levels and vault maps discovered:
D:1:      lightli_arrival_statue_moat, layout_basic
D:2:      layout_loops_cross, chequers_jeans, uniq_terence
D:3:      layout_basic
D:4:      layout_cave_pools, gammafunk_ghost_icy, minivault_1, minivault_5,
          grunt_decor_arrowhead

Skill      XL: |  1  2  3  4 |
---------------+-------------+-----
Maces & Flails | 3 4 5 |  5.9
Fighting       | |  3.2
Armour         | |  3.2
Shields        | |  3.2

Action                   |  1- 3 |  4- 6 || total
-------------------------+-------+-------++-------
Melee: Flail             |   142 |   160 ||   302
  Eat: Chunk             |     1 |     5 ||     6
Armor: Scale mail        |    17 |       ||    17
       Plate armour      |   125 |   124 ||   249
Dodge: Dodged            |    33 |    30 ||    63
Block: Kite shield       |    85 |   106 ||   191
